General information
- name: BNet
- type: Ladder team game (AT/RT)
- host: Battle.net
- saver: Mr.Wookums
map: Highperch
- players: 6
- length: 333:51
- speed: Fast
- version: 1.21 W3XP
- replay type: Public
» download(1072 KB)
Players
team 1 (loser)
1310HaZzZaRd (
yellow | 51 APM | 16762 actions | 331:31)
6 Death Knight
3 Death Coil
2 Unholy Aura
1 Animate Dead
5 Lich
3 Frost Nova
2 Frost Armor
» actions
| Assign group hotkey | 60 | |
| Basic commands | 254 | |
| Build / train | 75 | |
| Enter build submenu | 37 | |
| Enter hero's abilities submenu | 17 | |
| Give item / drop item | 8 | |
| Remove unit from queue | 2 | |
| Right click | 10247 | |
| Select / deselect | 2359 | |
| Select group hotkey | 3345 | |
| Use ability | 356 | |
16762 total
» units
| Acolyte | 9 | |
| Ghoul | 4 | |
| Crypt Fiend | 11 | |
| Obsidian Statue | 2 | |
| Frost Wyrm | 11 | |
| Gargoyle | 2 | |
39 total
» upgrades
| Web | 1 | |
| Freezing Breath | 1 | |
| Creature Attack | 1 | |
| Burrow | 1 | |
| Stone Form | 1 | |
5 total
» buildings
| Altar of Darkness | 1 | |
| Ziggurat | 11 | |
| Crypt | 2 | |
| Graveyard | 2 | |
| Tomb of Relics | 1 | |
| Nerubian Tower | 5 | |
| Halls of the Dead | 3 | |
| Slaughterhouse | 1 | |
| Sacrificial Pit | 1 | |
| Black Citadel | 1 | |
| Boneyard | 2 | |
| Spirit Tower | 3 | |
33 total
» build order
00:09 Altar of Darkness
00:25 Ziggurat
00:43 Crypt
00:59 Graveyard
01:26 Ziggurat
01:53 Tomb of Relics
01:59 Nerubian Tower
03:11 Ziggurat
04:15 Halls of the Dead
04:16 Halls of the Dead
04:16 Halls of the Dead
06:14 Ziggurat
07:41 Slaughterhouse
08:55 Ziggurat
09:05 Ziggurat
12:32 Ziggurat
12:35 Sacrificial Pit
12:39 Black Citadel
13:28 Ziggurat
15:07 Boneyard
15:09 Boneyard
24:54 Spirit Tower
24:59 Spirit Tower
25:00 Spirit Tower
27:48 Ziggurat
96:43 Ziggurat
96:47 Ziggurat
96:52 Nerubian Tower
96:53 Nerubian Tower
96:55 Nerubian Tower
97:49 Nerubian Tower
173:45 Crypt
175:05 Graveyard
» items
| Staff of Teleportation | 3 | |
| Tome of Retraining | 1 | |
4 total
Angel-Cloud (
red | 37 APM | 11907 actions | 319:48)
6 Blademaster
3 Wind Walk
2 Critical Strike
1 Bladestorm
4 Keeper of the Grove
1 Tranquility
2 Force of Nature
1 Entangling Roots
» actions
| Assign group hotkey | 50 | |
| Basic commands | 770 | |
| Build / train | 123 | |
| ESC pressed | 1 | |
| Enter build submenu | 30 | |
| Enter hero's abilities submenu | 7 | |
| Give item / drop item | 28 | |
| Right click | 4459 | |
| Select / deselect | 2018 | |
| Select group hotkey | 3689 | |
| Use ability | 729 | |
11907 total
» units
| Peon | 16 | |
| Grunt | 4 | |
| Troll Batrider | 32 | |
| Troll Headhunter/Berserker | 12 | |
| Shaman | 5 | |
| Troll Witch Doctor | 4 | |
| Kodo Beast | 1 | |
74 total
» upgrades
| Ranged Weapons | 3 | |
| Liquid Fire | 1 | |
| Berserker Upgrade | 1 | |
| Troll Regeneration | 1 | |
| Shaman Training | 2 | |
| Witch Doctor Training | 2 | |
| War Drums Damage Increase | 1 | |
| Armor | 2 | |
| Spiked Barricades | 1 | |
14 total
» buildings
| Altar of Storms | 2 | |
| Orc Burrow | 9 | |
| Barracks | 1 | |
| Voodoo Lounge | 1 | |
| Stronghold | 1 | |
| War Mill | 4 | |
| Beastiary | 2 | |
| Fortress | 1 | |
| Spirit Lodge | 2 | |
| Watch Tower | 7 | |
| Great Hall | 1 | |
31 total
» build order
00:09 Altar of Storms
00:13 Orc Burrow
01:06 Barracks
02:11 Orc Burrow
02:42 Voodoo Lounge
03:28 Stronghold
03:54 War Mill
05:35 Orc Burrow
06:10 Beastiary
06:13 Beastiary
06:56 Fortress
08:14 Orc Burrow
10:58 Orc Burrow
12:39 Spirit Lodge
13:54 Spirit Lodge
15:42 Orc Burrow
17:37 Orc Burrow
22:07 Watch Tower
22:09 Watch Tower
22:13 Watch Tower
22:16 Watch Tower
27:39 Great Hall
27:54 War Mill
27:57 War Mill
27:58 War Mill
28:07 Watch Tower
28:11 Watch Tower
34:56 Watch Tower
110:29 Altar of Storms
111:34 Orc Burrow
112:30 Orc Burrow
» items
| Boots of Speed | 1 | |
| Staff of Teleportation | 1 | |
| Dust of Appearance | 2 | |
| Healing Salve | 4 | |
| Lesser Clarity Potion | 3 | |
| Scroll of Speed | 2 | |
| Orb of Lightning | 1 | |
| Potion of Healing | 1 | |
| Scroll of Healing | 1 | |
| Potion of Lesser Invulnerability | 2 | |
18 total
Party.ComesEast (
orange | 17 APM | 4566 actions | 267:33)
6 Keeper of the Grove
3 Entangling Roots
2 Thorns Aura
1 Tranquility
1 Priestess of the Moon
1 Scout
1 Lich
1 Death and Decay
» actions
| Assign group hotkey | 6 | |
| Basic commands | 40 | |
| Build / train | 58 | |
| Enter build submenu | 24 | |
| Enter hero's abilities submenu | 9 | |
| Remove unit from queue | 3 | |
| Right click | 3027 | |
| Select / deselect | 1250 | |
| Use ability | 148 | |
4566 total
» units
| Wisp | 17 | |
| Glaive Thrower | 14 | |
| Archer | 5 | |
| Chimaera | 2 | |
38 total
» upgrades
| Vorpal Blades | 1 | |
| Strength of the Moon | 3 | |
| Moon Armor | 1 | |
| Corrosive Breath | 1 | |
6 total
» buildings
| Altar of Elders | 1 | |
| Moon Well | 7 | |
| Hunter's Hall | 1 | |
| Ancient of War | 3 | |
| Tree of Life | 2 | |
| Tree of Ages | 1 | |
| Tree of Eternity | 1 | |
| Ancient of Wonders | 1 | |
| Ancient Protector | 5 | |
| Ancient of Wind | 1 | |
| Chimaera Roost | 1 | |
24 total
» build order
00:12 Altar of Elders
00:24 Moon Well
01:38 Hunter's Hall
02:07 Ancient of War
02:10 Moon Well
02:43 Ancient of War
03:45 Moon Well
04:31 Ancient of War
05:13 Tree of Life
06:20 Moon Well
07:22 Tree of Ages
11:11 Tree of Eternity
11:19 Moon Well
15:16 Ancient of Wonders
20:51 Moon Well
20:53 Moon Well
24:57 Tree of Life
25:21 Tree of Eternity
30:14 Ancient Protector
30:15 Ancient Protector
30:15 Ancient Protector
30:16 Ancient Protector
30:18 Ancient Protector
42:14 Ancient of Wind
45:07 Chimaera Roost
team 2 (winner)
GOKUMaN69 (
green | 22 APM | 7432 actions | 331:31)
7 Blademaster
3 Wind Walk
3 Critical Strike
1 Bladestorm
5 Goblin Tinker
2 Engineering Upgrade
1 Pocket Factory
1 Robo-Goblin
1 Cluster Rockets
» actions
| Assign group hotkey | 18 | |
| Basic commands | 26 | |
| Build / train | 77 | |
| Enter build submenu | 69 | |
| Enter hero's abilities submenu | 13 | |
| Give item / drop item | 31 | |
| Remove unit from queue | 10 | |
| Right click | 4304 | |
| Select / deselect | 1564 | |
| Select group hotkey | 470 | |
| Use ability | 845 | |
7432 total
» units
| Peon | 11 | |
| Wind Rider | 6 | |
| Troll Batrider | -1 | |
| Kodo Beast | 1 | |
17 total
» upgrades
| Ranged Weapons | 2 | |
| Envenomed Spears | 1 | |
| War Drums Damage Increase | 1 | |
| Backpack | 1 | |
| Liquid Fire | 1 | |
| Armor | 1 | |
7 total
» buildings
| Altar of Storms | 1 | |
| Orc Burrow | 5 | |
| War Mill | 2 | |
| Voodoo Lounge | 3 | |
| Stronghold | 1 | |
| Watch Tower | 43 | |
| Great Hall | 3 | |
| Fortress | 1 | |
| Beastiary | 2 | |
61 total
» build order
00:10 Altar of Storms
00:30 Orc Burrow
00:42 War Mill
01:39 Voodoo Lounge
02:10 Orc Burrow
03:12 Voodoo Lounge
03:59 Stronghold
04:31 Orc Burrow
04:35 Watch Tower
04:36 Watch Tower
05:17 Watch Tower
06:12 Great Hall
06:38 Voodoo Lounge
06:52 Watch Tower
06:53 Fortress
06:54 Beastiary
06:56 Beastiary
07:16 Watch Tower
08:36 Watch Tower
11:25 Watch Tower
11:58 Great Hall
12:02 Watch Tower
13:07 Great Hall
16:35 Orc Burrow
18:42 Orc Burrow
19:16 Watch Tower
28:52 War Mill
31:04 Watch Tower
31:10 Watch Tower
31:16 Watch Tower
31:20 Watch Tower
31:24 Watch Tower
31:43 Watch Tower
31:51 Watch Tower
32:19 Watch Tower
36:14 Watch Tower
40:23 Watch Tower
41:27 Watch Tower
41:32 Watch Tower
41:36 Watch Tower
41:44 Watch Tower
42:08 Watch Tower
42:41 Watch Tower
42:42 Watch Tower
42:52 Watch Tower
43:47 Watch Tower
43:52 Watch Tower
44:06 Watch Tower
44:08 Watch Tower
44:09 Watch Tower
44:13 Watch Tower
44:51 Watch Tower
45:15 Watch Tower
45:17 Watch Tower
45:20 Watch Tower
45:23 Watch Tower
47:25 Watch Tower
49:21 Watch Tower
49:44 Watch Tower
71:45 Watch Tower
71:53 Watch Tower
» items
| Healing Salve | 4 | |
| Lesser Clarity Potion | 7 | |
| Orb of Lightning | 1 | |
| Potion of Mana | 2 | |
| Boots of Speed | 1 | |
| Staff of Teleportation | 2 | |
| Tiny Great Hall | 1 | |
| Mechanical Critter | 7 | |
| Potion of Lesser Invulnerability | 1 | |
| Scroll of Town Portal | 1 | |
27 total
HERNaNDO (
pink | 8 APM | 2579 actions | 331:31)
2 Archmage
1 Blizzard
1 Brilliance Aura
1 Blood Mage
1 Flame Strike
» actions
| Assign group hotkey | 5 | |
| Basic commands | 120 | |
| Build / train | 97 | |
| ESC pressed | 3 | |
| Enter build submenu | 81 | |
| Enter hero's abilities submenu | 3 | |
| Remove unit from queue | 5 | |
| Right click | 1266 | |
| Select / deselect | 746 | |
| Select group hotkey | 65 | |
| Use ability | 188 | |
2579 total
» units
| Peasant | 13 | |
| Sorceress | 1 | |
| Priest | 1 | |
| Gryphon Rider | 5 | |
20 total
» upgrades
| Masonry | 3 | |
| Lumber Harvesting | 1 | |
| Magic Sentry | 1 | |
| Sorceress Training | 1 | |
| Swords | 1 | |
| Armor | 1 | |
| Animal War Training | 1 | |
| Storm Hammers | 1 | |
10 total
» buildings
| Lumber Mill | 2 | |
| Altar of Kings | 1 | |
| Farm | 15 | |
| Scout Tower | 75 | |
| Guard Tower | 47 | |
| Arcane Tower | 2 | |
| Keep | 1 | |
| Blacksmith | 1 | |
| Arcane Sanctum | 1 | |
| Castle | 1 | |
| Gryphon Aviary | 4 | |
| Barracks | 1 | |
151 total
» build order
00:08 Lumber Mill
00:19 Altar of Kings
00:35 Farm
00:36 Farm
01:27 Scout Tower
01:29 Scout Tower
01:57 Guard Tower
01:59 Scout Tower
02:03 Scout Tower
02:16 Guard Tower
02:28 Guard Tower
02:38 Scout Tower
02:57 Scout Tower
03:03 Guard Tower
03:04 Scout Tower
03:05 Scout Tower
03:06 Scout Tower
03:13 Guard Tower
03:15 Guard Tower
03:18 Scout Tower
03:52 Arcane Tower
03:59 Scout Tower
04:07 Guard Tower
04:09 Scout Tower
04:11 Scout Tower
04:34 Scout Tower
04:35 Scout Tower
04:36 Scout Tower
04:37 Scout Tower
04:40 Guard Tower
04:46 Scout Tower
04:48 Guard Tower
04:51 Guard Tower
04:53 Scout Tower
05:10 Guard Tower
05:14 Guard Tower
05:55 Keep
05:57 Arcane Tower
06:03 Scout Tower
06:20 Guard Tower
06:25 Guard Tower
06:55 Guard Tower
06:56 Scout Tower
06:59 Scout Tower
07:01 Scout Tower
07:16 Farm
07:19 Farm
07:23 Blacksmith
07:58 Scout Tower
07:59 Scout Tower
08:00 Scout Tower
08:01 Scout Tower
08:15 Scout Tower
08:16 Scout Tower
08:28 Guard Tower
08:32 Arcane Sanctum
09:24 Guard Tower
09:39 Guard Tower
09:41 Scout Tower
09:42 Scout Tower
09:42 Scout Tower
09:44 Scout Tower
09:44 Scout Tower
09:47 Scout Tower
09:48 Scout Tower
09:48 Scout Tower
10:41 Guard Tower
11:33 Guard Tower
11:45 Guard Tower
12:26 Guard Tower
12:27 Guard Tower
12:30 Scout Tower
12:39 Scout Tower
12:40 Scout Tower
13:09 Scout Tower
13:09 Scout Tower
13:10 Guard Tower
13:13 Guard Tower
13:38 Guard Tower
13:48 Scout Tower
13:49 Scout Tower
14:07 Guard Tower
14:22 Guard Tower
14:28 Scout Tower
14:29 Scout Tower
14:55 Guard Tower
14:57 Scout Tower
15:08 Guard Tower
15:11 Scout Tower
15:11 Scout Tower
15:12 Scout Tower
15:18 Castle
15:28 Guard Tower
15:46 Guard Tower
15:48 Scout Tower
15:49 Scout Tower
15:50 Scout Tower
15:51 Scout Tower
16:24 Guard Tower
16:36 Guard Tower
16:38 Scout Tower
16:40 Scout Tower
16:41 Scout Tower
17:14 Guard Tower
17:27 Scout Tower
17:27 Scout Tower
17:28 Scout Tower
17:29 Scout Tower
17:36 Guard Tower
18:26 Guard Tower
18:27 Guard Tower
18:27 Guard Tower
18:28 Scout Tower
18:30 Scout Tower
18:31 Scout Tower
18:39 Guard Tower
19:05 Guard Tower
19:06 Scout Tower
19:08 Scout Tower
19:10 Scout Tower
19:42 Guard Tower
19:47 Guard Tower
19:48 Guard Tower
20:00 Scout Tower
20:01 Scout Tower
20:17 Scout Tower
20:18 Scout Tower
20:20 Scout Tower
20:21 Scout Tower
20:30 Gryphon Aviary
20:36 Guard Tower
20:50 Guard Tower
21:53 Guard Tower
21:55 Scout Tower
21:58 Scout Tower
22:01 Farm
22:17 Farm
22:38 Gryphon Aviary
22:41 Farm
22:42 Farm
23:13 Lumber Mill
23:24 Farm
23:25 Farm
23:36 Barracks
23:51 Farm
23:52 Farm
27:45 Gryphon Aviary
27:49 Gryphon Aviary
27:54 Farm
28:02 Farm
28:03 Farm
» items
| Healing Salve | 2 | |
| Potion of Mana | 2 | |
| Lesser Clarity Potion | 2 | |
6 total
Mr.Wookums (
teal | 13 APM | 4250 actions | 333:51)
6 Mountain King
3 Storm Bolt
2 Bash
1 Avatar
3 Goblin Tinker
2 Pocket Factory
1 Engineering Upgrade
» actions
| Assign group hotkey | 38 | |
| Basic commands | 16 | |
| Build / train | 94 | |
| Enter build submenu | 55 | |
| Enter hero's abilities submenu | 12 | |
| Give item / drop item | 11 | |
| Remove unit from queue | 3 | |
| Right click | 2062 | |
| Select / deselect | 1500 | |
| Select group hotkey | 110 | |
| Use ability | 345 | |
4250 total
» units
| Peasant | 16 | |
| Priest | 2 | |
| Dragonhawk Rider | 7 | |
25 total
» upgrades
| Masonry | 3 | |
| Lumber Harvesting | 1 | |
| Magic Sentry | 1 | |
| Animal War Training | 1 | |
| Armor | 1 | |
| Backpack | 0 | |
7 total
» buildings
| Altar of Kings | 1 | |
| Lumber Mill | 1 | |
| Farm | 9 | |
| Scout Tower | 76 | |
| Guard Tower | 20 | |
| Arcane Tower | 14 | |
| Keep | 2 | |
| Town Hall | 2 | |
| Arcane Sanctum | 1 | |
| Gryphon Aviary | 2 | |
| Arcane Vault | 4 | |
| Castle | 1 | |
| Barracks | 1 | |
| Blacksmith | 1 | |
135 total
» build order
00:07 Altar of Kings
00:11 Lumber Mill
00:24 Farm
01:43 Scout Tower
01:44 Scout Tower
01:50 Scout Tower
02:06 Scout Tower
02:07 Scout Tower
02:10 Guard Tower
02:20 Arcane Tower
02:24 Farm
02:39 Scout Tower
02:50 Guard Tower
02:51 Guard Tower
03:19 Guard Tower
03:22 Scout Tower
03:25 Scout Tower
03:56 Guard Tower
04:00 Scout Tower
04:02 Scout Tower
04:04 Scout Tower
04:04 Scout Tower
04:35 Guard Tower
04:39 Scout Tower
04:39 Scout Tower
04:43 Scout Tower
04:43 Scout Tower
05:09 Guard Tower
05:25 Guard Tower
05:32 Guard Tower
05:55 Guard Tower
06:06 Scout Tower
06:09 Scout Tower
06:30 Keep
06:31 Keep
07:08 Guard Tower
07:12 Scout Tower
07:12 Scout Tower
07:13 Scout Tower
07:41 Guard Tower
08:01 Scout Tower
08:02 Scout Tower
08:03 Scout Tower
08:04 Scout Tower
08:04 Scout Tower
08:06 Scout Tower
08:39 Guard Tower
09:19 Town Hall
09:28 Arcane Sanctum
11:11 Gryphon Aviary
11:12 Gryphon Aviary
11:18 Arcane Vault
12:04 Guard Tower
12:39 Arcane Vault
13:40 Scout Tower
13:41 Scout Tower
13:42 Scout Tower
13:43 Scout Tower
13:43 Scout Tower
13:52 Farm
13:53 Farm
13:54 Farm
14:31 Guard Tower
14:40 Guard Tower
15:40 Town Hall
15:41 Guard Tower
17:48 Castle
23:51 Farm
23:52 Farm
23:52 Farm
23:53 Farm
25:58 Barracks
28:32 Arcane Vault
28:45 Scout Tower
28:46 Scout Tower
28:48 Scout Tower
28:50 Scout Tower
29:08 Scout Tower
29:09 Scout Tower
29:09 Scout Tower
29:12 Scout Tower
29:16 Scout Tower
29:17 Scout Tower
29:18 Scout Tower
29:20 Scout Tower
29:25 Scout Tower
29:25 Scout Tower
29:27 Scout Tower
29:28 Scout Tower
29:31 Scout Tower
29:37 Scout Tower
29:38 Scout Tower
29:38 Scout Tower
29:39 Scout Tower
29:54 Blacksmith
30:20 Guard Tower
30:26 Guard Tower
30:59 Guard Tower
49:05 Scout Tower
49:06 Scout Tower
49:07 Scout Tower
49:10 Scout Tower
49:11 Scout Tower
49:15 Scout Tower
49:40 Arcane Tower
49:44 Scout Tower
50:04 Scout Tower
50:12 Arcane Tower
50:13 Arcane Tower
64:29 Scout Tower
64:36 Scout Tower
64:41 Scout Tower
64:58 Scout Tower
65:00 Arcane Tower
65:09 Scout Tower
65:34 Arcane Tower
65:37 Arcane Tower
65:45 Scout Tower
66:13 Scout Tower
66:20 Arcane Tower
67:05 Arcane Tower
67:05 Arcane Tower
67:10 Scout Tower
67:13 Scout Tower
67:29 Scout Tower
67:30 Scout Tower
67:47 Scout Tower
67:56 Arcane Tower
68:21 Arcane Tower
68:40 Arcane Tower
68:46 Scout Tower
68:51 Scout Tower
69:19 Arcane Tower
83:38 Arcane Vault
299:19 Scout Tower
» items
| Boots of Speed | 1 | |
| Staff of Teleportation | 1 | |
| Circlet of Nobility | 1 | |
| Periapt of Vitality | 1 | |
| Potion of Lesser Invulnerability | 2 | |
| Healing Salve | 1 | |
| Orb of Lightning | 1 | |
| Lesser Clarity Potion | 2 | |
10 total
Chat log
(00:11 / All) 1310HaZzZaRd: tech chims
(00:12 / All) HERNaNDO: b b b b b ballin
(00:15 / All) GOKUMaN69: what
(00:20 / All) GOKUMaN69: TECH CHIMS
(00:26 / All) HERNaNDO: tech chims team
(00:32 / All) Angel-Cloud: i'll make orc chims
(00:32 / All) Party.ComesEast: we tower and tech chims
(00:47 / All) HERNaNDO: IM GOING HUMAN CHIMS
(00:52 / All) Angel-Cloud: shit
(00:54 / All) Angel-Cloud: those are imba.
(00:56 / All) Party.ComesEast: gryphons with two heads?
(01:04 / All) HERNaNDO: NAW NIGGA
(01:06 / All) HERNaNDO: CRITTER AIR
(01:10 / All) Angel-Cloud: ROF
(01:38 / All) HERNaNDO: ALRIGHT TEAM TECH CHIMS ON THE DOUBLE
(01:54 / All) Party.ComesEast: already at tree of eternity.
(01:59 / All) Party.ComesEast: warpte
(02:01 / All) Party.ComesEast: warpten
(02:01 / All) Angel-Cloud: with 4 heads.
(02:14 / All) HERNaNDO: IM AT TREE OF LIMITED PERMANENCE
(02:29 / All) HERNaNDO: GET IT
(02:37 / All) Angel-Cloud: u boys wouldnt be towering would u?
(02:41 / All) HERNaNDO: NO SIR
(04:04 / All) HERNaNDO: got some boys guardin me
(04:23 / All) HERNaNDO: arashicage more like a rat in a cage b/c he cant wind walk.
(08:41 / All) HERNaNDO: WELCOME TO THE BASE RASHI
(14:49 / All) Party.ComesEast: peace
(14:52 / All) HERNaNDO: PEACE
(23:59 / All) HERNaNDO: gg
(24:02 / All) Angel-Cloud: gg
(24:08 / All) Party.ComesEast: Gg
(24:10 / All) Party.ComesEast: ive played ur strat
(24:14 / All) Party.ComesEast: way too many times
(24:15 / All) HERNaNDO: kewl
(24:18 / All) Party.ComesEast: theres only once when it beat me
(24:19 / All) HERNaNDO: on this map?
(24:21 / All) Party.ComesEast: and it was on this map
(24:28 / All) Party.ComesEast: ur using
(24:30 / All) Party.ComesEast: the wrong races
(24:33 / All) Party.ComesEast: theres this rele gay strat
(24:35 / All) Party.ComesEast: on this map
(24:39 / All) Party.ComesEast: with towers
(24:42 / All) Party.ComesEast: its urs
(24:46 / All) Party.ComesEast: but an extra thing
(24:48 / All) Party.ComesEast: if u have a NE
(24:50 / All) HERNaNDO: u just build tower
(25:03 / All) Party.ComesEast: no
(25:43 / All) Angel-Cloud: juicy
(26:22 / All) Party.ComesEast: people underestimate
(26:24 / All) Party.ComesEast: glaives
(26:32 / All) GOKUMaN69: yeah brp
(26:37 / All) HERNaNDO: OOORAH
(29:42 / All) 1310HaZzZaRd: ATACKAAAA
(31:42 / All) Party.ComesEast: HAHAHAHA
(31:44 / All) 1310HaZzZaRd: AYHAHGAHAA
(31:52 / All) GOKUMaN69: ps
(31:53 / All) HERNaNDO: y u laugh
(31:58 / All) Party.ComesEast: he killed my bm
(32:01 / All) Party.ComesEast: *kotg
(32:02 / All) Angel-Cloud: kotg*
(32:07 / All) Party.ComesEast: so i killed his BM
(32:08 / All) Angel-Cloud: with my own units
(32:15 / All) HERNaNDO: lol
(32:19 / All) Mr.Wookums: backstabbing is fun
(32:23 / All) GOKUMaN69: nice
(32:27 / All) Mr.Wookums: TBH i took one of green's items
(33:08 / All) HERNaNDO: lol
(33:28 / All) HERNaNDO: lol gg guys
(33:31 / All) Party.ComesEast: Gg
(33:32 / All) Mr.Wookums: gg
(33:39 / All) Angel-Cloud: gg
(33:49 / All) HERNaNDO: damn my buildings are ancient
(33:56 / All) Angel-Cloud: then bam
(33:56 / All) HERNaNDO: resilient
(33:57 / All) GOKUMaN69: Kill the cold wards
(34:04 / All) HERNaNDO: cold WORMzx
(34:05 / All) GOKUMaN69: wyrms
(35:06 / All) HERNaNDO: i wuz robbin ye gold m8
(35:50 / All) GOKUMaN69: he guys
(35:53 / All) HERNaNDO: whelp
(35:54 / All) GOKUMaN69: you dont need an ne
(36:15 / All) GOKUMaN69: gg
(36:17 / All) GOKUMaN69: we win
(36:20 / All) GOKUMaN69: you lose
(36:21 / All) Angel-Cloud: lol
(36:22 / All) Angel-Cloud: How?
(36:22 / All) 1310HaZzZaRd: he killed
(36:25 / All) 1310HaZzZaRd: my army
(36:28 / All) 1310HaZzZaRd: that assjhole
(36:30 / All) GOKUMaN69: owned
(36:34 / All) HERNaNDO: Whelp
(36:38 / All) 1310HaZzZaRd: ahhhha
(38:38 / All) Angel-Cloud: did ur archamge reach 6?
(38:41 / All) Angel-Cloud: no right?
(38:43 / All) GOKUMaN69: nope
(38:46 / All) GOKUMaN69: no gargs
(38:46 / All) HERNaNDO: nein
(38:51 / All) Angel-Cloud: how u get there lol
(38:53 / All) GOKUMaN69: no dotts
(38:59 / All) HERNaNDO: THE POWER OF CHRIST
(38:59 / All) Angel-Cloud: ya but how about the workers
(39:00 / All) Mr.Wookums: we willed ourself up there
(39:15 / All) HERNaNDO: WILL TO POWER M8
(39:21 / All) GOKUMaN69: how would you do it ?
(40:27 / All) HERNaNDO: u guys seen the bart the general youtube?
(40:55 / All) HERNaNDO: we r on vent if u wanna come chill n chat
(41:05 / All) Party.ComesEast: they dont have vent
(41:14 / All) HERNaNDO: do u?
(41:16 / All) Party.ComesEast: yeah
(41:19 / All) HERNaNDO: u wanna chat
(41:23 / All) GOKUMaN69: wanna CHAT?
(41:55 / All) GOKUMaN69: how did you do it oj?
(42:05 / All) Party.ComesEast: do what?
(42:14 / All) GOKUMaN69: get up on the hill?
(42:15 / All) HERNaNDO: how did u get so beautiful
(42:24 / All) Party.ComesEast: warden/dots
(42:44 / All) Mr.Wookums: warden, dotts, gargs, or ivory towers
(42:54 / All) HERNaNDO: :O)
(42:56 / All) Angel-Cloud: OPFFF
(42:56 / All) GOKUMaN69: We hacked
(42:57 / All) Angel-Cloud: ROFL
(43:00 / All) Angel-Cloud: i know that
(43:02 / Allies) GOKUMaN69: this time
(43:03 / All) Angel-Cloud: you got a tiny great haul
(43:07 / All) Angel-Cloud: bu the point is how ur hero landed there
(43:09 / All) Angel-Cloud: I know how he did..
(43:12 / All) Angel-Cloud: tinekr casted shop
(43:13 / All) Angel-Cloud: Over teh hill
(43:18 / All) Angel-Cloud: bm telese to shop
(43:18 / All) HERNaNDO: teh hill
(43:20 / All) Angel-Cloud: and makes hall
(43:35 / All) HERNaNDO: why would the bm have to buyt he shop m8
(43:36 / All) GOKUMaN69: vent24.light-speed.com
(43:39 / All) GOKUMaN69: 5109
(43:41 / All) GOKUMaN69: DOTA
(43:49 / All) HERNaNDO: gl hf
(43:55 / All) GOKUMaN69: is info
(43:58 / All) GOKUMaN69: dota in caps
(44:39 / All) GOKUMaN69: you comin on vent?
(44:53 / All) GOKUMaN69: vent24.light-speed.com
(44:56 / All) GOKUMaN69: 5109
(44:58 / All) GOKUMaN69: DOTA
(45:20 / All) HERNaNDO: u comin m8?
(45:45 / All) GOKUMaN69: you coming?
(45:46 / All) HERNaNDO: wook 'emZ
(45:57 / All) Mr.Wookums: very crever
(46:00 / All) GOKUMaN69: cum on teh vent
(46:14 / All) HERNaNDO: ventreelO
(48:39 / All) HERNaNDO: :O)
(50:56 / All) HERNaNDO: te the skies
(51:23 / All) HERNaNDO: map is out of gold m8s
(51:31 / All) HERNaNDO: wot now
(53:14 / All) Party.ComesEast: why not finish the job?
(53:21 / All) Mr.Wookums: what job
(53:23 / All) HERNaNDO: because kigami is kind
(53:27 / All) Party.ComesEast: killing the BM
(53:38 / All) HERNaNDO: i cannot do it to kigami
(53:43 / All) Mr.Wookums: we saw how much gold you wasted doing it
(53:46 / All) HERNaNDO: come on vent man
(53:50 / All) GOKUMaN69: vent24.light-speed.com
(53:53 / All) GOKUMaN69: 5109
(54:05 / All) GOKUMaN69: DOTA
(54:10 / All) HERNaNDO: DOTA
(55:50 / All) GOKUMaN69: you comin on vent man?
(55:51 / All) GOKUMaN69: vent24.light-speed.com
(55:53 / All) Party.ComesEast: no
(55:55 / All) GOKUMaN69: 5109 DOTA
(55:57 / All) HERNaNDO: y not man
(55:59 / All) GOKUMaN69: why not
(56:36 / All) HERNaNDO: how old are u
(56:40 / All) 1310HaZzZaRd: 7
(56:53 / All) Party.ComesEast: 18
(59:03 / All) Angel-Cloud: why tou guys
(59:06 / All) Angel-Cloud: Have to play like this?
(59:15 / All) HERNaNDO: boyscout code of gaming
(59:19 / All) GOKUMaN69: talk on vent
(59:24 / All) GOKUMaN69: with us
(59:29 / All) GOKUMaN69: And we tell you all
(62:04 / All) HERNaNDO: pig
(62:07 / All) GOKUMaN69: where that bat go?
(62:15 / All) HERNaNDO: PEEEG
(62:39 / All) HERNaNDO: sword man
(62:44 / All) HERNaNDO: is strong
(63:21 / All) GOKUMaN69: cheatin grunts
(63:29 / All) Angel-Cloud: cheatin tim wasters.
(63:31 / All) Angel-Cloud: time*
(63:32 / All) HERNaNDO: CHEEYZ
(63:37 / All) HERNaNDO: DO NOT WASTE TIM
(63:40 / All) Mr.Wookums: union grunts
(63:43 / All) HERNaNDO: HE IS OUR MOST PRECIOUS RESOURCE
(63:52 / All) Angel-Cloud: it actually is :S
(64:02 / All) HERNaNDO: NO IM TALKING ABOUT TIM
(64:13 / All) HERNaNDO: TIM ROUCHEFOUCAULD
(64:34 / All) HERNaNDO: OWL
(64:51 / All) HERNaNDO: u guys cant win
(64:57 / All) Angel-Cloud: niether can you
(64:59 / All) HERNaNDO: sry m8s
(65:02 / All) HERNaNDO: we can
(65:04 / All) HERNaNDO: just v. slowly
(65:04 / All) Angel-Cloud: oh?
(65:05 / All) Angel-Cloud: how?
(65:10 / All) HERNaNDO: k m8 wait
(65:19 / All) Mr.Wookums: in 4 or 5 hours we'll have the win
(65:27 / All) HERNaNDO: :O)
(65:40 / All) GOKUMaN69: [-8)
(66:06 / All) HERNaNDO: riket contraption
(66:51 / All) 1310HaZzZaRd: no
(66:53 / All) HERNaNDO: like that
(66:55 / All) GOKUMaN69: Gg
(69:01 / All) HERNaNDO: U GUYS KNO THE SONG
(69:03 / All) GOKUMaN69: Quit please
(69:10 / All) HERNaNDO: SPIRIT IN THE SKY
(69:14 / All) HERNaNDO: BY UM
(69:19 / All) HERNaNDO: NORM ROSENBAUM OR WHATEVER
(69:21 / All) HERNaNDO: PRETTY SICK SONG
(69:35 / All) HERNaNDO: GONNA GO UP TO THE SPIRIT IN THE SKYYY
(69:38 / All) HERNaNDO: (SPIRIT IN THE SKY)
(69:49 / All) HERNaNDO: THATS WHERE ILL GO WHEN I DIE
(69:56 / All) HERNaNDO: UMM
(69:59 / All) HERNaNDO: SOMETHING SOMETHING
(70:03 / All) HERNaNDO: I GOT A FRIEND IN JEEESUS
(70:44 / All) HERNaNDO: P0T
(70:49 / All) GOKUMaN69: p0t
(70:52 / All) Mr.Wookums: 420 smoke weed every day
(70:57 / All) HERNaNDO: U GUYS SMOKE WEED?
(71:05 / All) Angel-Cloud: ya
(71:08 / All) Angel-Cloud: when i'm not playhing wc with idiots
(71:08 / All) HERNaNDO: KOOL
(71:14 / All) HERNaNDO: SO THEN U SMOKIN NOW?
(71:25 / All) Mr.Wookums: you could not be playing wc
(71:27 / All) Mr.Wookums: alt qq
(71:28 / All) HERNaNDO: WHAT I MEAN TOSAY IS I DONT APPRECIATE YOUR INSULT
(73:36 / All) GOKUMaN69: Unsummon
(73:37 / All) GOKUMaN69: bro
(73:42 / All) GOKUMaN69: you will get money
(74:31 / All) Angel-Cloud: bye bye
(74:38 / All) HERNaNDO: ye can count on me
(78:26 / All) GOKUMaN69: if you come on vent we might quit
(78:27 / All) GOKUMaN69: vent24.light-speed.com
(78:32 / All) GOKUMaN69: 5109
(78:33 / All) GOKUMaN69: DOTA
(78:35 / All) Angel-Cloud: if u leave
(78:36 / All) Angel-Cloud: we quit
(78:37 / All) Angel-Cloud: deal?
(78:39 / All) GOKUMaN69: in caps
(78:43 / All) 1310HaZzZaRd: AJAJAKALAMKAA
(78:44 / All) 1310HaZzZaRd: AHHGAHHAYHAHA
(78:50 / All) GOKUMaN69: we will quit if you talk on vent
(78:51 / All) GOKUMaN69: vent24.light-speed.com
(78:57 / All) 1310HaZzZaRd: HAHAHHAHAA
(78:58 / All) GOKUMaN69: 5109 DOTA
(78:59 / All) 1310HaZzZaRd: AHAHAHHAHAA
(79:03 / All) 1310HaZzZaRd: risk devolution ffa!!! !!!
(79:08 / All) 1310HaZzZaRd: risk devolution ffa!!! !!!
(79:09 / All) 1310HaZzZaRd: risk devolution ffa!!! !!!
(79:10 / All) 1310HaZzZaRd: risk devolution ffa!!! !!!
(79:11 / All) 1310HaZzZaRd: risk devolution ffa!!! !!!
(80:22 / All) GOKUMaN69: where did you guys find out hwo to perch?
(80:32 / All) Party.ComesEast: i played agame like it before
(80:35 / All) Party.ComesEast: guys did the same thing as u
(80:37 / All) Party.ComesEast: but with dots
(80:43 / All) Mr.Wookums: was it us?
(80:49 / All) GOKUMaN69: WHO
(80:51 / All) Party.ComesEast: me and two other kids
(80:53 / All) Party.ComesEast: not these two
(81:01 / All) Mr.Wookums: bearand and friends?
(81:03 / All) GOKUMaN69: was it bear_and?
(81:05 / All) Party.ComesEast: no
(81:10 / All) Mr.Wookums: hmm,
(81:32 / All) 1310HaZzZaRd: pedali
(81:35 / All) 1310HaZzZaRd: duhaite be
(81:44 / All) Angel-Cloud: he speaks
(81:46 / All) Angel-Cloud: fluent spanish
(81:53 / All) GOKUMaN69: what a spic
(81:56 / All) GOKUMaN69: get on vent
(81:57 / All) GOKUMaN69: vent24.light-speed.com
(82:01 / All) 1310HaZzZaRd: LAPAI
(82:01 / All) GOKUMaN69: 5109
(82:03 / All) GOKUMaN69: DOTA
(82:05 / All) 1310HaZzZaRd: MURSHAV
(82:11 / All) Mr.Wookums: he must also speak english
(82:17 / All) Angel-Cloud: LAPPPAAIIII
(82:19 / All) Mr.Wookums: else he couldn't agree to the terms and services when installing the game
(82:20 / All) 1310HaZzZaRd: fucka mada
(82:27 / All) 1310HaZzZaRd: WE LIKE TO RIDE GOATS
(82:48 / All) 1310HaZzZaRd: JHAHAHAHAH
(82:49 / All) 1310HaZzZaRd: AHHAHAHHAHHAA
(82:52 / All) Angel-Cloud: FOUND YOUR PIG
(83:02 / All) GOKUMaN69: ok gg
(83:05 / All) 1310HaZzZaRd: JAHAYHAHHA
(83:58 / All) Angel-Cloud: holy shit
(84:01 / All) Angel-Cloud: we pulling out the tents
(84:02 / All) Angel-Cloud: gg...
(84:03 / All) GOKUMaN69: you guys mad?
(84:06 / All) GOKUMaN69: what?
(84:06 / All) Angel-Cloud: we stay here till sc2 two comes out.
(84:07 / All) 1310HaZzZaRd: AHAHHA
(84:09 / All) 1310HaZzZaRd: AJHJHAHAHAHHA
(84:11 / All) 1310HaZzZaRd: ASJHAHAHAHHAHAHA
(84:12 / All) 1310HaZzZaRd: AHAJAJHAHHAHAA
(84:13 / All) Mr.Wookums: then we'll tower that
(84:15 / All) 1310HaZzZaRd: ALMAIOAMLAA
(84:16 / All) 1310HaZzZaRd: AHAHHAHAHA
(84:29 / All) GOKUMaN69: why not just quit?
(84:33 / All) 1310HaZzZaRd: AHAHAHAHAHA
(84:34 / All) Angel-Cloud: becasue you can't win
(84:35 / All) 1310HaZzZaRd: LAMOA
(84:36 / All) Angel-Cloud: and we can't either
(84:37 / All) Angel-Cloud: so...
(84:41 / All) 1310HaZzZaRd: FUNNIEST GAME IN YEARS
(84:41 / All) Mr.Wookums: so you're going to go into a drop war
(84:47 / All) Mr.Wookums: the record for that is 38 hours i believe
(84:47 / All) Angel-Cloud: you already ahve
(84:50 / All) Angel-Cloud: by building up on that hour
(85:04 / All) Mr.Wookums: it's fun to see how long people will wait to quit
(85:07 / All) 1310HaZzZaRd: no
(86:03 / All) Angel-Cloud: CHEESE
(86:06 / All) 1310HaZzZaRd: BANICA
(86:30 / All) 1310HaZzZaRd: the bee will show u a dance
(86:44 / All) 1310HaZzZaRd: ANOTHER PIG
(86:45 / All) 1310HaZzZaRd: LMAO
(86:47 / All) GOKUMaN69: we got no more pigs
(87:30 / All) 1310HaZzZaRd: PIND THE PIG
(87:36 / All) 1310HaZzZaRd: FINDDDDD DITTT
(87:47 / All) Mr.Wookums: i give you guys an hour and a half before you quit
(87:54 / All) Angel-Cloud: i got
(87:57 / All) Angel-Cloud: a paper to write
(87:59 / All) Angel-Cloud: i have msn
(88:00 / All) Angel-Cloud: food
(88:01 / All) Angel-Cloud: a tv
(88:06 / All) Angel-Cloud: and iron maiden cd's
(88:09 / All) 1310HaZzZaRd: and i
(88:09 / All) Angel-Cloud: IF
(88:10 / All) Angel-Cloud: IF
(88:10 / All) Angel-Cloud: IF
(88:10 / All) Angel-Cloud: IF
(88:11 / All) Mr.Wookums: same for me bro, except for that shit music
(88:11 / All) Angel-Cloud: IF
(88:12 / All) 1310HaZzZaRd: dont have a life
(88:14 / All) 1310HaZzZaRd: i win
(88:14 / All) Angel-Cloud: I get bored.l..
(88:16 / All) Angel-Cloud: if i get bored...
(88:19 / All) Angel-Cloud: i got the whole
(88:22 / All) Angel-Cloud: harry potter series to read
(88:23 / All) Angel-Cloud: and LOTR
(88:25 / All) Angel-Cloud: so...
(88:30 / All) Mr.Wookums: congrats with your shitty lit
(88:33 / All) 1310HaZzZaRd: no life>gg
(88:48 / All) 1310HaZzZaRd: ok
(88:52 / All) 1310HaZzZaRd: so can the fiend
(88:55 / All) 1310HaZzZaRd: kill the dk
(89:02 / All) 1310HaZzZaRd: i say no
(90:21 / All) Angel-Cloud: Ownd
(90:53 / All) GOKUMaN69: why do you want the win so bad?
(90:59 / All) 1310HaZzZaRd: i dont
(91:00 / All) Angel-Cloud: i could ask u the same thing
(91:02 / All) 1310HaZzZaRd: iyts just funny
(91:05 / All) Mr.Wookums: we don't care ab out winning
(91:09 / All) Angel-Cloud: because we defeated you
(91:10 / All) Mr.Wookums: we tower, look at the game thus far
(91:12 / All) Angel-Cloud: and it seems lame
(91:14 / All) Angel-Cloud: to lose the game
(91:18 / All) Mr.Wookums: we let you defeat us so we could perch
(91:30 / All) Mr.Wookums: silly gooses, do you think we expect an AM and a BM
(91:32 / All) Mr.Wookums: to hold off an army
(91:39 / All) Angel-Cloud: no
(91:42 / All) Angel-Cloud: but the fact is
(91:44 / All) Angel-Cloud: we are wasting hours
(91:47 / All) Angel-Cloud: over a dumb game
(91:51 / All) Mr.Wookums: no, you are
(91:53 / All) Angel-Cloud: ok
(91:53 / All) Mr.Wookums: this is the game we play
(91:54 / All) GOKUMaN69: so quit
(91:56 / All) Angel-Cloud: let's make a deal
(91:57 / All) Angel-Cloud: green
(92:00 / All) Angel-Cloud: what lvl are u
(92:07 / All) GOKUMaN69: 31
(92:10 / All) Angel-Cloud: ok
(92:12 / All) Mr.Wookums: his iq is high enough to not fall for this
(92:12 / All) Angel-Cloud: me and u solo fight
(92:16 / All) Angel-Cloud: se who gets lucker
(92:20 / All) Angel-Cloud: on crits
(92:22 / All) Angel-Cloud: hwoever wins fight
(92:25 / All) Angel-Cloud: stays
(92:28 / All) Angel-Cloud: the loosers leave
(92:29 / All) GOKUMaN69: NO
(92:32 / All) Angel-Cloud: meh
(92:37 / All) Angel-Cloud: tents are going up then lol
(92:38 / All) Mr.Wookums: we've had this happen before
(92:44 / All) GOKUMaN69: you will cheat
(92:50 / All) Angel-Cloud: u can scout
(92:52 / All) Mr.Wookums: you have 2 disablers and nukers
(92:54 / All) Angel-Cloud: with ur towers
(93:05 / All) Mr.Wookums: also we can't get down, no more pigs
(93:36 / All) GOKUMaN69: where will this fight go down?
(93:42 / All) Angel-Cloud: mm
(93:47 / All) Angel-Cloud: oh wait
(93:47 / All) Angel-Cloud: nvm
(93:52 / All) Angel-Cloud: u said
(93:56 / All) Angel-Cloud: U got no more pigs
(94:03 / All) GOKUMaN69: we dont
(94:09 / All) Angel-Cloud: so how will u get down?
(94:10 / All) Mr.Wookums: Tinker yo
(94:13 / All) Angel-Cloud: lol
(94:15 / All) GOKUMaN69: but we have something to staff 2
(94:16 / All) Angel-Cloud: top right corner
(94:18 / All) Angel-Cloud: ok for ytou?
(94:27 / All) Mr.Wookums: move all your heros and shit to bot
(94:33 / Allies) GOKUMaN69: send your bm
(94:34 / All) Angel-Cloud: i'm leaving all my units
(94:37 / All) Angel-Cloud: at bases
(94:37 / All) GOKUMaN69: send your bm
(94:42 / All) Angel-Cloud: he's there
(94:55 / All) Mr.Wookums: move all the other shiz to the ledge you are camping
(95:10 / All) Mr.Wookums: where's the UD
(95:30 / All) Mr.Wookums: your ne is on the move
(95:31 / All) Mr.Wookums: nice
(95:39 / Allies) GOKUMaN69: cheat
(95:40 / All) Angel-Cloud: sec
(95:42 / All) Angel-Cloud: Im talkign to yellow
(95:53 / All) Mr.Wookums: way to lame it up T_T
(96:03 / All) GOKUMaN69: cheat
(96:06 / All) Angel-Cloud: ...
(96:07 / All) Angel-Cloud: Sec
(96:12 / All) GOKUMaN69: nope
(96:14 / All) Mr.Wookums: no, we won't waste gold for security
(96:16 / All) GOKUMaN69: you cheated
(96:26 / All) Angel-Cloud: well
(96:28 / All) Angel-Cloud: he did not me
(96:33 / All) Mr.Wookums: it's a team game
(96:35 / All) GOKUMaN69: just quit
(96:39 / All) Angel-Cloud: you can't kil us
(96:40 / All) Angel-Cloud: either
(96:41 / All) Angel-Cloud: so..
(96:43 / All) Angel-Cloud: it's on both ways
(96:56 / All) Mr.Wookums: we can kill you
(96:56 / All) GOKUMaN69: but you cheated in that fight
(97:03 / All) Mr.Wookums: just give us 6-9 hours
(97:21 / All) GOKUMaN69: red
(97:27 / All) GOKUMaN69: why did you lie to me?
(97:33 / All) Angel-Cloud: because ur a fag
(97:35 / All) Angel-Cloud: and i ahte on fags
(97:40 / All) GOKUMaN69: well
(97:56 / All) GOKUMaN69: why am I a faggot?
(98:07 / All) Mr.Wookums: you guys are mad that we perched arnt you?
(98:14 / All) 1310HaZzZaRd: |yes
(98:17 / All) 1310HaZzZaRd: we are imba mad
(98:27 / All) 1310HaZzZaRd: we are so mad right now
(98:31 / All) Mr.Wookums: just a game bros
(98:34 / All) Mr.Wookums: have a drink and chill
(98:39 / All) 1310HaZzZaRd: i cant stop yelling
(98:40 / All) Mr.Wookums: maybe play some gamecube pantsless
(98:40 / All) 1310HaZzZaRd: damn
(98:47 / All) 1310HaZzZaRd: nah
(98:49 / All) 1310HaZzZaRd: i play tetris
(98:51 / All) 1310HaZzZaRd: more fun
(98:58 / All) Mr.Wookums: a russian game? fucking commie
(99:01 / All) GOKUMaN69: get on vent
(99:20 / All) 1310HaZzZaRd: well guys
(99:24 / All) 1310HaZzZaRd: gl killing my base
(99:25 / All) 1310HaZzZaRd: hahaha
(106:57 / All) Angel-Cloud: keep em coming
(107:09 / All) HERNaNDO: Angel-Clod
(108:29 / All) HERNaNDO: gg
(108:39 / All) HERNaNDO: welp
(109:00 / All) GOKUMaN69: keep em comin
(110:23 / All) HERNaNDO: Ballin
(111:00 / All) GOKUMaN69: no share contro;?
(112:38 / All) HERNaNDO: so u think u win?
(112:44 / All) Angel-Cloud: you attacked
(112:47 / All) Angel-Cloud: Defenceless bases
(112:49 / All) Angel-Cloud: try orange's
(112:53 / All) HERNaNDO: kk man
(112:57 / All) HERNaNDO: just wondering
(113:01 / All) GOKUMaN69: we got avatar
(113:05 / All) Angel-Cloud: k
(113:09 / All) Angel-Cloud: we got entangle coil nova
(113:09 / All) HERNaNDO: u got this
(113:10 / All) HERNaNDO: no worries
(113:12 / All) HERNaNDO: damn
(113:15 / All) HERNaNDO: thats gonna own
(113:20 / All) HERNaNDO: FUCK
(113:20 / All) HERNaNDO: gg
(114:43 / All) HERNaNDO: ahhg! COUNT ME IN
(115:28 / All) HERNaNDO: KANYE WEST
(115:31 / All) HERNaNDO: bALLIN
(115:32 / All) Angel-Cloud: is trahs.
(115:35 / All) Angel-Cloud: trash*
(115:41 / All) Angel-Cloud: My friend went to his gig few days back
(115:42 / All) GOKUMaN69: trahs
(115:43 / All) Angel-Cloud: lol
(115:46 / All) Angel-Cloud: wasted his cash
(115:54 / All) HERNaNDO: WHATS UR FRIEND LIKE
(115:54 / All) 1310HaZzZaRd: kayne who?
(116:09 / All) HERNaNDO: ?
(116:11 / All) HERNaNDO: WHATS HIS NAME
(116:17 / All) 1310HaZzZaRd: go6o
(116:26 / All) HERNaNDO: HIS NAME IS GOSIXO?
(116:31 / All) 1310HaZzZaRd: go6o
(116:32 / All) 1310HaZzZaRd: noob
(116:37 / All) HERNaNDO: GOSIXO
(117:08 / All) HERNaNDO: I WONDER WHERE THESE GUYS KEEP THEIR HAMMER SUPPLY
(117:52 / All) HERNaNDO: get on vent m8s
(117:59 / All) 1310HaZzZaRd: we are
(118:01 / All) 1310HaZzZaRd: on vent
(118:38 / All) HERNaNDO: a couple more hours :O)
(118:42 / All) 1310HaZzZaRd: y
(118:51 / All) HERNaNDO: he will get rid of all u units
(119:58 / All) GOKUMaN69: whats your info?
(120:08 / All) GOKUMaN69: for your vent?
(122:39 / All) Angel-Cloud: ROFL
(122:40 / All) Angel-Cloud: ROFL
(122:40 / All) Angel-Cloud: ROFL
(122:42 / All) Angel-Cloud: ALMOA
(122:44 / All) Angel-Cloud: AHAHAHAHHAHAHHAHA
(122:45 / All) 1310HaZzZaRd: YES
(122:46 / All) 1310HaZzZaRd: YES
(122:47 / All) Party.ComesEast: and i got tranquility
(122:47 / All) 1310HaZzZaRd: YES
(122:48 / All) 1310HaZzZaRd: TES
(122:49 / All) Angel-Cloud: LAMOAHAOHOAHHOAOHAOHAOHAOHOAHOAHHOAOHAH
(122:49 / All) 1310HaZzZaRd: YES
(122:51 / All) Party.ComesEast: u guys cant do shit
(122:56 / All) 1310HaZzZaRd: HAHAYSAYEQA
(122:57 / All) Angel-Cloud: NONONONO
(122:58 / All) 1310HaZzZaRd: UEYEYEYS
(122:59 / All) Angel-Cloud: THEY STILL HAVE TINKER
(123:00 / All) Angel-Cloud: GG
(123:01 / All) 1310HaZzZaRd: LAMAOIAMAO(A\
(123:10 / All) 1310HaZzZaRd: LMAO
(123:20 / All) Angel-Cloud: YO PINK
(123:21 / All) Angel-Cloud: LETS VENT
(123:21 / All) Angel-Cloud: GREEN
(123:23 / All) Angel-Cloud: GIVE ME SITE AGAIN
(123:24 / All) Angel-Cloud: LETS TALK
(123:26 / All) Angel-Cloud: I LI KTALKING
(123:27 / All) Angel-Cloud: WHY SO SILENT?
(123:30 / All) Mr.Wookums: check the chat log slick
(123:31 / All) Angel-Cloud: WHY ARE U SO SILENT?
(123:32 / All) Angel-Cloud: LETS TALK
(123:33 / All) Angel-Cloud: LETS TALK
(123:34 / All) Angel-Cloud: LETS TALK
(123:36 / All) GOKUMaN69: ok
(123:37 / All) Angel-Cloud: OMG
(123:38 / All) Angel-Cloud: LET TALK
(123:40 / All) Angel-Cloud: ABOUT KANYE...
(123:41 / All) Angel-Cloud: And...
(123:42 / All) Angel-Cloud: Music...
(123:43 / All) Angel-Cloud: And..
(123:46 / All) Angel-Cloud: HOW WE JUST RAPED UR HEROS
(123:48 / All) Angel-Cloud: LMAOAHHAHAHAHAH
(123:52 / All) GOKUMaN69: vent24.light-speed.com
(123:55 / All) Angel-Cloud: TY
(123:56 / All) GOKUMaN69: 5109
(123:57 / All) Angel-Cloud: SO HOW ABOUT
(123:57 / All) GOKUMaN69: DOTA
(123:58 / All) Angel-Cloud: THAT AVATAR?
(124:00 / All) Angel-Cloud: AND MK?
(124:01 / All) Angel-Cloud: AND
(124:02 / All) Angel-Cloud: BM
(124:04 / All) Angel-Cloud: AND BLADESTORM
(124:04 / All) Angel-Cloud: AND
(124:05 / All) Angel-Cloud: HTME
(124:05 / All) Angel-Cloud: DYING
(124:06 / All) Angel-Cloud: HMM
(124:07 / All) Angel-Cloud: HOW
(124:07 / All) Angel-Cloud: ABOUT
(124:08 / All) 1310HaZzZaRd: LAMLALAOA
(124:08 / All) Angel-Cloud: THAT
(124:08 / All) Angel-Cloud: ?
(124:09 / All) 1310HaZzZaRd: AKLAKAMNANAINAS
(124:10 / All) 1310HaZzZaRd: AHHAHAHHAHAHA
(124:12 / All) HERNaNDO: htme
(124:15 / All) 1310HaZzZaRd: LAPATEEEE
(124:23 / All) 1310HaZzZaRd: LAPING ZDRAVING
(124:58 / All) GOKUMaN69: you comin?
(125:01 / All) Angel-Cloud: ya
(125:04 / All) Angel-Cloud: lvl 3 owl scout
(125:06 / All) Angel-Cloud: 300 chaos dmg
(125:08 / All) 1310HaZzZaRd: we coming
(125:10 / All) 1310HaZzZaRd: in a sec
(125:35 / All) Party.ComesEast: send the tinker here
(125:39 / All) Angel-Cloud: lol
(125:41 / All) GOKUMaN69: no
(125:44 / All) GOKUMaN69: get on vent
(125:48 / All) 1310HaZzZaRd: we will
(125:48 / All) Angel-Cloud: no
(125:49 / All) Angel-Cloud: send
(125:49 / All) Angel-Cloud: tinker
(125:51 / All) 1310HaZzZaRd: just w8
(125:53 / All) Angel-Cloud: we get on vent after you send him
(125:58 / All) GOKUMaN69: nope
(126:05 / All) HERNaNDO: tinky the tinker
(127:49 / All) Mr.Wookums: Where are you guys at? I have some fanfiction to read to you
(127:52 / All) Mr.Wookums: that i wrote
(128:11 / All) GOKUMaN69: vent24.light-speed.com
(128:14 / All) GOKUMaN69: 5109
(128:16 / All) GOKUMaN69: DOTA
(128:22 / All) GOKUMaN69: tell me how you owned me
(128:28 / All) Mr.Wookums: i'm about to go jack off to my fanfiction if you don't get on here soon
(128:36 / All) Mr.Wookums: i'd prefer to hear your compliments before i touch my dick though
(138:36 / All) GOKUMaN69: you guys still here?
(138:51 / All) 1310HaZzZaRd: im here
(138:55 / All) 1310HaZzZaRd: they afk
(138:56 / All) 1310HaZzZaRd: lol
(138:59 / All) 1310HaZzZaRd: im watching clips
(139:33 / All) GOKUMaN69: you coming on vent?
(139:38 / All) 1310HaZzZaRd: no
(140:47 / All) GOKUMaN69: why not
(140:52 / All) 1310HaZzZaRd: cuz
(140:55 / All) 1310HaZzZaRd: i dont have vent
(140:58 / All) GOKUMaN69: dl it
(141:02 / All) GOKUMaN69: you have a mic?
(141:05 / All) 1310HaZzZaRd: of
(141:10 / All) 1310HaZzZaRd: im talking right now
(141:18 / All) GOKUMaN69: get on vent
(141:20 / All) GOKUMaN69: dl it
(141:24 / All) 1310HaZzZaRd: no
(149:02 / All) 1310HaZzZaRd: any1 here
(175:49 / All) 1310HaZzZaRd: lol
(175:52 / All) 1310HaZzZaRd: u here
(175:54 / All) 1310HaZzZaRd: at last
(176:02 / All) GOKUMaN69: What are you up 2?
(176:08 / All) Angel-Cloud: mass gargs
(176:28 / Allies) GOKUMaN69: when are you guys quitin?
(177:01 / All) HERNaNDO: GOIN UP TO THE SPIRIT IN THE SKY
(179:07 / All) HERNaNDO: ANIME
(179:12 / All) HERNaNDO: ANIME NIGGAZ
(179:15 / All) HERNaNDO: WAZZA
(179:18 / Allies) GOKUMaN69: np
(179:40 / Allies) GOKUMaN69: get in the other channel
(179:43 / Allies) HERNaNDO: K
(180:40 / All) HERNaNDO: waaaaauuu
(192:43 / All) HERNaNDO: na na na na nanana
(192:46 / All) HERNaNDO: na na na nanananan
(194:05 / All) HERNaNDO: we're the kids of america!
(194:21 / All) HERNaNDO: we're the kids
(194:23 / All) HERNaNDO: we're the kids!
(194:27 / All) HERNaNDO: we're the kids of america
(197:44 / All) Angel-Cloud: pink you should stay on shift more often
(197:46 / All) Angel-Cloud: ur so careless
(198:03 / All) GOKUMaN69: why are you still here?
(200:26 / All) HERNaNDO: GUESS WHOS BACK
(200:34 / All) Angel-Cloud: gryphon waster hurah
(200:35 / All) HERNaNDO: I WATCHED THE VIDEO BY NENA
(200:37 / All) HERNaNDO: SHES HOT
(200:39 / All) HERNaNDO: AS FUCK
(200:41 / All) Party.ComesEast: lol
(200:49 / All) HERNaNDO: U KNOW 99LUFBALONS?
(200:54 / All) Party.ComesEast: yup
(200:55 / All) HERNaNDO: GO WATCH THE YOUTUBE
(201:00 / All) HERNaNDO: SHES A GODDAMN FOX
(201:11 / All) HERNaNDO: OR AT LEAST SHE WAS WHEN THEY SHIOT THAT VIDEO
(201:22 / All) HERNaNDO: I LOOKED HER UP ON WIKIPEDIA THO STILL LOOKS IITE
(201:29 / All) HERNaNDO: BRB SEARCHING NUDEZ
(221:25 / All) GOKUMaN69: how you doin bro?
(222:32 / All) GOKUMaN69: why wony u stop wastin time
(222:43 / All) Angel-Cloud: because we win
(223:01 / All) GOKUMaN69: how so
(223:13 / All) GOKUMaN69: how are you going to beat us?
(223:17 / All) Angel-Cloud: wouldn't be strategically smart if i told you would it?
(223:28 / All) GOKUMaN69: well
(223:30 / All) GOKUMaN69: you see
(223:33 / All) GOKUMaN69: you cant win
(223:36 / All) Angel-Cloud: ok
(230:06 / All) Mr.Wookums: wow, you guys are still here
(230:11 / All) Angel-Cloud: not for long
(230:14 / All) Angel-Cloud: we leaving in a bit
(230:18 / All) Mr.Wookums: yeah, ok
(230:35 / All) Mr.Wookums: i think you should stay
(230:40 / All) Mr.Wookums: i want to see how good my new ISP is
(230:42 / All) Angel-Cloud: we leaving...
(230:55 / All) Mr.Wookums: please just go afk
(231:00 / All) Angel-Cloud: dude
(231:01 / All) Angel-Cloud: why go afk
(231:03 / All) Angel-Cloud: when you can leave
(231:11 / All) Mr.Wookums: i want to see how long my connection stays
(231:22 / All) Mr.Wookums: on my old ISP i dropped after 8 hours
(231:30 / All) Angel-Cloud: won't last htat long
(231:31 / All) Angel-Cloud: that*
(231:39 / All) Mr.Wookums: but i just played a game of SINS and i didn't even lag
(231:43 / All) Mr.Wookums: i like my new internet connection
(233:25 / All) Mr.Wookums: well enjoy, going to go play some bioshock
(240:06 / All) GOKUMaN69: hey
(240:15 / All) GOKUMaN69: when are you guys leavin?
(240:15 / All) HERNaNDO: hey m8s
(242:09 / All) GOKUMaN69: Now what?
(242:15 / All) HERNaNDO: chicken butt
(242:34 / All) Angel-Cloud: now you loose
(242:38 / All) HERNaNDO: kewl
(242:53 / All) GOKUMaN69: come and kill us
(242:57 / All) Angel-Cloud: working on it
(242:57 / All) HERNaNDO: :O)
(244:17 / All) Angel-Cloud: so
(244:20 / All) Angel-Cloud: you notice your inevitable death
(244:21 / All) Angel-Cloud: yet?
(244:22 / All) Angel-Cloud: or?
(244:25 / All) HERNaNDO: nope
(244:31 / All) GOKUMaN69: beat us
(246:42 / All) HERNaNDO: so thats ur whole plan??
(247:54 / All) GOKUMaN69: dont think you guys win
(248:00 / All) Angel-Cloud: tell me now
(248:00 / All) HERNaNDO: :O)
(248:03 / All) Angel-Cloud: withotu pride but with logic
(248:07 / All) Angel-Cloud: how will you stop us
(248:13 / All) HERNaNDO: What Is Logic
(248:18 / All) GOKUMaN69: come on the perch
(248:22 / All) Angel-Cloud: Sensible thinking
(248:47 / All) HERNaNDO: DO U HAVE PRIDE IN UR LOGIC?
(249:19 / All) HERNaNDO: CLOSE BUT NO CIGAR M8
(252:26 / All) Angel-Cloud: more exp plz
(252:42 / All) HERNaNDO: :O)
(252:57 / All) GOKUMaN69: 34
(253:15 / All) GOKUMaN69: you guys done?
(253:19 / All) Angel-Cloud: ya
(253:22 / All) Angel-Cloud: we qq'ing in a few
(253:31 / All) HERNaNDO: lol
(253:35 / All) HERNaNDO: im sure
(253:43 / All) GOKUMaN69: well Gg better try then most
(253:59 / All) HERNaNDO: welp..
(254:18 / All) HERNaNDO: poor guys
(255:24 / All) Angel-Cloud: fail
(255:31 / All) HERNaNDO: :O)
(255:52 / All) GOKUMaN69: you guys like 4chan?
(259:10 / All) HERNaNDO: now what dudes
(261:03 / All) HERNaNDO: get de owl away
(263:03 / All) Mr.Wookums: how long has it been guys
(263:12 / All) Mr.Wookums: if i estimate via how long it's taken to boil water
(263:16 / All) Mr.Wookums: i'm guessing 9000 mins
(263:45 / All) Mr.Wookums: i think my ISP can last for 790000 mins
(264:20 / All) Mr.Wookums: perhapse you should kill eachother's heros again
(267:33 / All) Mr.Wookums: two more to go
(267:40 / All) HERNaNDO: :O)
(267:40 / All) Angel-Cloud: aw
(267:41 / All) Angel-Cloud: come play
(267:47 / All) HERNaNDO: (O:
(267:51 / All) GOKUMaN69: you guys down yet?
(268:52 / All) HERNaNDO: so how do u know ur teammates
(269:06 / All) Mr.Wookums: do you fuck eachother in the morning?
(269:10 / All) Mr.Wookums: some nice gay orgy
(269:19 / All) GOKUMaN69: HERNaNDO is my wife
(269:24 / All) Mr.Wookums: i'm their son
(269:34 / All) Mr.Wookums: off at college
(269:35 / All) HERNaNDO: ;O)
(269:49 / All) HERNaNDO: some family gaming!
(270:16 / All) Angel-Cloud: so
(270:17 / All) Angel-Cloud: i know
(270:21 / All) Angel-Cloud: hazzard from bith
(270:30 / All) Mr.Wookums: birth?
(270:31 / All) Angel-Cloud: and the other one
(270:32 / All) Angel-Cloud: Online
(270:42 / All) GOKUMaN69: wanna talk on vent?
(273:02 / All) HERNaNDO: were u there when he was born
(273:04 / All) HERNaNDO: lol
(273:12 / All) HERNaNDO: how old u m8
(273:24 / All) HERNaNDO: what are u doing this summer
(273:35 / All) HERNaNDO: ???
(274:05 / All) HERNaNDO: spidey
(276:36 / All) HERNaNDO: WHelp
(276:54 / All) HERNaNDO: What u guys doin there
(277:34 / All) GOKUMaN69: you gonna quit
(278:28 / All) GOKUMaN69: can you quit please?
(278:37 / All) 1310HaZzZaRd: lolol
(278:39 / All) Angel-Cloud: there's your answer
(279:47 / All) GOKUMaN69: quit please
(279:54 / All) GOKUMaN69: your plan phailed
(279:57 / All) GOKUMaN69: EPIC
(281:19 / All) GOKUMaN69: unsummon m8
(282:06 / All) GOKUMaN69: you here
(282:12 / All) GOKUMaN69: quit
(282:15 / All) GOKUMaN69: Gg
(282:16 / All) GOKUMaN69: no re
(285:18 / All) GOKUMaN69: please quit
(305:25 / All) Mr.Wookums: that's a shame
(310:14 / All) Mr.Wookums: may i ask, why did you unsummon
(314:29 / All) HERNaNDO: Riket Contraption
(314:35 / All) HERNaNDO: Gl hf!
(314:41 / All) GOKUMaN69: gl hf
(318:04 / All) Angel-Cloud: you know
(318:10 / All) GOKUMaN69: What?
(318:13 / All) Angel-Cloud: it shocks me we wasted so much time over a game
(318:25 / All) GOKUMaN69: yeah
(318:31 / All) GOKUMaN69: you should just quit man
(318:33 / All) Angel-Cloud: and you know
(318:38 / All) Angel-Cloud: It's not like pride was on the line iether
(318:40 / All) Angel-Cloud: Just stubborness..
(318:42 / All) Angel-Cloud: plain and simple
(318:45 / All) GOKUMaN69: yeah
(318:50 / All) GOKUMaN69: and you fucked up
(318:58 / All) Angel-Cloud: i think we all did
(318:59 / All) Angel-Cloud: by staying
(319:14 / All) Angel-Cloud: if it's any consellation
(319:15 / All) GOKUMaN69: maybe thats deep
(319:17 / All) Angel-Cloud: i had alot of fun
(319:22 / All) Angel-Cloud: good game guys
(319:23 / All) Angel-Cloud: was good
(319:32 / All) GOKUMaN69: see you next time
(319:34 / All) GOKUMaN69: Gg
(319:34 / All) Angel-Cloud: my partner though i don't think will be leaving :S
(319:45 / All) Angel-Cloud: l8r